AoeStats
← Boiorix

Arabia

510193120Analyzed
1v1 RM · 4d ago on Sep 29, 2026· 35m 15s· 2 players
Game mode
Random Map
Map size
Tiny (2 player)
Population
200
Speed
Normal
Resources
Standard
Victory
Conquest
Starting age
Dark Age
Ending age
Imperial Age
RankedLock teamsTeams togetherTeam positionsShared explorationLock speedFull tech treeHidden civsTurbo modeCheats
Victory
Defeat
🇫🇷 Malians · France
1099
+17
🇧🇷 Wei · Brazil
1117
-17
Ccosmic
9:41 Feudal Age
10:20 Man-at-Arms
12:48 Loom
14:05 Forging
17:11 Fletching
17:26 Scale Mail Armor
20:55 Castle Age
19:11 Arson
19:22 Horse Collar
20:54 Gold Mining
20:59 Long Swordsman
21:39 Squires
21:39 Double-Bit Axe
22:55 Iron Casting
22:49 Bodkin Arrow
23:37 Gold Shaft Mining
23:51 Bow Saw
24:23 Padded Archer Armor
26:40 Chain Mail Armor
27:26 Pikeman
34:09 Imperial Age
Boiorix
5:26 Loom
11:02 Feudal Age
17:54 Town Watch
23:23 Castle Age
22:12 Fletching
22:49 Double-Bit Axe
23:53 Scale Barding Armor
28:30 Crossbowman
Connection lost

Rejoining the realm…

Still unreachable

The connection could not be restored.

Session expired

The server has moved on; the page needs a fresh start.